AoeStats
← AnanasGnom43768

Acropolis

503248985Analyzed
1v1 RM · 2mo ago on Aug 30, 2026· 18m 1s· 2 players
Game mode
Random Map
Map size
Tiny (2 player)
Population
200
Speed
Normal
Resources
Standard
Victory
Conquest
Starting age
Dark Age
Ending age
Imperial Age
RankedLock teamsTeams togetherTeam positionsShared explorationLock speedFull tech treeHidden civsTurbo modeCheats
Victory
Defeat
🇺🇸 Japanese · United States
1109
+15
vs
🇩🇪 Slavs · Germany
1091
-15
AnanasGnom43768
10:38 Feudal Age
14:25 Loom
Φ
9:55 Feudal Age
8:41 Loom
10:26 Double-Bit Axe
10:26 Horse Collar
10:09 Man-at-Arms
15:23 Fletching
15:54 Gold Mining
Connection lost

Rejoining the realm…

Still unreachable

The connection could not be restored.

Session expired

The server has moved on; the page needs a fresh start.